 Dungeon Crawl Stone Soup version 0.32-a0-818-gb728d0252e (webtiles) character file.

Game seed: 2852365013889355211

2296 shadizar the Thaumaturge (level 9, -10/55 HPs)
             Began as a Djinni Alchemist on Mar 23, 2024.
             Mangled by an ice beast (21 damage)
             ... on level 6 of the Dungeon.
             The game lasted 00:12:55 (6475 turns).

shadizar the Thaumaturge (Djinni Alchemist)         Turns: 6475, Time: 00:12:56

Health: -10/55     AC:  3    Str: 13    XL:     9   Next: 67%
Gold:   519        EV: 11    Int: 20    God:
                   SH:  0    Dex: 15

rFire   + + .        q - staff of air
rCold   x . .        (no shield)
rNeg    . . .        a - +0 robe
rPois   ∞            (no helmet)
rElec   +            x - +0 cloak
rCorr   .            (no gloves)
SInv    .            (boots unavailable)
Will    .....        (no amulet)
Stlth   ++           v - +6 ring of strength
HPRegen 0.29/turn    (no ring)
MPRegen 0.00/turn

%: infuse magic (-11 HP)
@: flying
A: sickness immunity, fire resistance 2, cold vulnerability 1, float, innate
caster, HP casting, extra vitality 1
a: no special abilities


You were on level 6 of the Dungeon.
You visited 1 branch of the dungeon, and saw 6 of its levels.
You also visited: Ossuary.

You collected 519 gold pieces.

Inventory:

Armour
 a - a +0 robe (worn)
 x - a +0 cloak (worn)
 y - a +2 leather armour of poison resistance
Magical Staves
 q - a staff of air (weapon)
Jewellery
 v - a +6 ring of strength (left hand)
Wands
 u - a wand of flame (24)
Scrolls
 d - 3 scrolls of amnesia {unknown}
 e - 5 scrolls of identify {unknown}
 f - 4 scrolls of teleportation {unknown}
 m - 3 scrolls of revelation {unknown}
 n - a scroll of fog {unknown}
 p - 2 scrolls of fear {unknown}
 r - 2 scrolls of vulnerability {unknown}
 s - a scroll of immolation {unknown}
 w - a scroll of butterflies {unknown}
 B - a scroll of noise {unknown}
Potions
 b - a potion of haste {unknown}
 c - 5 potions of lignification {unknown}
 g - a potion of brilliance {unknown}
 h - 3 potions of curing {unknown}
 i - a potion of mutation {unknown}
 j - 4 potions of invisibility {unknown}
 k - a potion of degeneration {unknown}
 l - 3 potions of attraction {unknown}
 o - a potion of berserk rage {unknown}
 t - a potion of might {unknown}
 z - 2 potions of enlightenment {unknown}
 A - a potion of heal wounds {unknown}


   Skills:
 - Level 2.5 Dodging
 - Level 1.9 Stealth
 + Level 10.1 Spellcasting
 + Level 10.1 Conjurations
 + Level 10.1 Hexes
 + Level 10.1 Summonings
 + Level 10.1 Necromancy
 + Level 10.1 Translocations
 + Level 10.1 Fire Magic
 + Level 10.1 Ice Magic
 + Level 10.1 Air Magic
 + Level 10.1 Earth Magic
 + Level 10.1 Alchemy


You knew the following spells:

 Your Spells              Type           Power      Damage    Failure   Level
a - Sting                 Conj/Alch      100%       1d9       1%          1
b - Mercury Vapours       Alch/Air       100%       N/A       1%          2
c - Mephitic Cloud        Conj/Alch/Air  66%        N/A       1%          3
d - Olgreb's Toxic Radia  Alch           50%        N/A       1%          4
e - Sticky Flame          Fire/Alch      50%        2d9       1%          4
f - Summon Small Mammal   Summ           100%       N/A       1%          1
g - Ensorcelled Hibernat  Hex/Ice        100%       N/A       1%          2
h - Blink                 Tloc           100%       N/A       1%          2
i - Flame Wave            Conj/Fire      50%        2d12      1%          4
Your spell library was empty.

Dungeon Overview and Level Annotations

Branches:
Dungeon (6/15)            Ossuary (visited)
 Temple: D:4-7

Altars:
Ashenzari
Wu Jian
Yredelemnul
The Shining One

Shops:
D:2 *


Innate Abilities, Weirdness & Mutations

You are immune to sickness and miasma.
You are immune to poison.
Your flesh is very heat resistant. (rF++)
You are vulnerable to cold. (rC-)
You float through the air rather than walking.
You learn spells naturally, not from books.
Your magical power is your life essence.
You have superior vitality. (+4 MHP)


Message History

The ice beast is moderately wounded.
Casting: Sting (safe; 1% risk of failure)
Confirm with . or Enter, or press ? or * to list all spells.
Casting: Flame Wave (dangerous; 1% risk of failure)
Press: ? - help, Dir - look around, f - activate A wave of flame ripples out!
The flame wave engulfs the ice beast but does no damage.
The ice beast is moderately wounded. (Press . to intensify the flame waves.)
The ice beast hits you. The ice beast freezes you!!
You feel a terrible chill!
Unknown command.
Unknown command.
Unknown command.
Unknown command.
Unknown command.
Unknown command.
Unknown command.
A wave of flame ripples out!
The flame wave engulfs the hound!
The hound is severely wounded.
The flame wave engulfs the ice beast.
The ice beast is moderately wounded.
The ice beast looks more healthy.
The hound bites you. The ice beast hits you. The ice beast freezes you!
You feel a terrible chill!
* * * LOW HITPOINT WARNING * * *
Unknown command.
Unknown command.
Unknown command.
Unknown command.
Unknown command.
A wave of flame ripples out!
The flame wave engulfs the hound!
You kill the hound!
The flame wave engulfs the ice beast.
The ice beast melts!
The ice beast is heavily wounded.
* * * LOW HITPOINT WARNING * * *
You finish channelling waves of flame.
You hear a bark!
The ice beast hits you.
* * * LOW HITPOINT WARNING * * *
The ice beast freezes you!!
You feel a terrible chill!
You die...

#..............## #..#.)##
................####.##.##
.....................#..#######
.................##....<.(.....
.........<........#..##########
................#....#
................#....#
#.....>........#.Y...#
##.....##.....##@#.#..#
###############.#.##.# ##.#.#
... ########..#.# ####
#........##.# #.#.........#
#...######### #####


You could see an ice beast.

Vanquished Creatures
  Edmund (D:4)
  Duvessa (D:5)
  An ice beast (D:5)
  2 black bears
  A centaur (D:5)
  A kobold brigand (D:6)
  A scorpion (D:5)
  Dowan (D:5)
  6 killer bees (D:5)
  A gnoll bouda (D:5)
  An orc priest (D:3)
  6 hounds
  3 jellies
  An iguana (D:5)
  Natasha (thrice) (D:4)
  6 orc wizards
  8 mummies (Ossuary)
  9 gnolls
  6 adders
  2 white imps
  4 ufetubi
  A ribbon worm (D:2)
  28 orcs
  5 bats
  12 endoplasms
  4 giant cockroaches
  A gnoll zombie (Ossuary)
  6 hobgoblins
  3 jackals
  6 kobolds
  4 quokkas
  6 ball pythons
  9 goblins
  4 hobgoblin zombies (Ossuary)
  A kobold zombie (Ossuary)
  2 orc zombies (Ossuary)
  7 rats
164 creatures vanquished.

Vanquished Creatures (collateral kills)
  Grinder (D:3)
  Eustachio (D:4)
2 creatures vanquished.

Grand Total: 166 creatures vanquished

Notes
Turn   | Place    | Note
-------+----------+-------------------------------------------
     0 | D:1      | shadizar the Djinni Alchemist began the quest for the Orb.
     0 | D:1      | shadizar set off with the following spells memorised:
                  | Sting, Mercury Vapours, Mephitic Cloud, Olgreb's Toxic
                  | Radiance, Sticky Flame.
     0 | D:1      | Reached XP level 1. HP: 15/15 MP: 0/0
   294 | D:1      | Reached XP level 2. HP: 13/21 MP: 0/0
   724 | D:2      | Found Loofu's General Store.
   796 | D:2      | Reached XP level 3. HP: 5/25 MP: 0/0
   796 | D:2      | Learned a level 1 spell: Summon Small Mammal
  1201 | D:2      | Reached XP level 4. HP: 19/31 MP: 0/0
  1682 | D:3      | Reached XP level 5. HP: 22/35 MP: 0/0
  1682 | D:3      | Learned a level 2 spell: Ensorcelled Hibernation
  1780 | D:3      | Found a basalt altar of Yredelemnul.
  1817 | D:3      | Noticed Grinder
  2175 | D:3      | Found a faded altar of an unknown god.
  2463 | D:3      | Reached skill level 5 in Spellcasting
  2463 | D:3      | Reached skill level 5 in Conjurations
  2463 | D:3      | Reached skill level 5 in Hexes
  2463 | D:3      | Reached skill level 5 in Summonings
  2463 | D:3      | Reached skill level 5 in Necromancy
  2463 | D:3      | Reached skill level 5 in Translocations
  2463 | D:3      | Reached skill level 5 in Fire Magic
  2463 | D:3      | Reached skill level 5 in Ice Magic
  2463 | D:3      | Reached skill level 5 in Air Magic
  2463 | D:3      | Reached skill level 5 in Earth Magic
  2463 | D:3      | Reached skill level 5 in Alchemy
  2463 | D:3      | Reached XP level 6. HP: 31/40 MP: 0/0
  2497 | D:3      | Paralysed by Grinder for 5 turns
  2627 | D:3      | HP: 2/40 [Grinder (6)]
  2627 | D:3      | Killed Grinder
  2628 | D:3      | Reached XP level 7. HP: 3/45 MP: 0/0
  2628 | D:3      | Learned a level 2 spell: Blink
  2820 | D:3      | Found a broken altar of Ashenzari.
  3018 | D:3      | Found a glowing golden altar of the Shining One.
  3235 | D:4      | Noticed Natasha
  3241 | D:4      | Killed Natasha
  3357 | D:4      | Noticed Edmund
  3377 | D:4      | Killed Edmund
  3644 | D:4      | Reached XP level 8. HP: 41/50 MP: 0/0
  3869 | D:4      | Noticed Eustachio
  3882 | D:4      | Killed Eustachio
  4022 | D:4      | Noticed Natasha
  4026 | D:4      | Killed Natasha
  4243 | D:5      | Entered Level 5 of the Dungeon
  4279 | D:4      | Noticed Natasha
  4292 | D:4      | Killed Natasha
  4593 | D:5      | Noticed Duvessa
  4700 | D:5      | Noticed Dowan
  4707 | D:5      | Killed Duvessa
  4708 | D:5      | Reached XP level 9. HP: 40/55 MP: 0/0
  4708 | D:5      | Learned a level 4 spell: Flame Wave
  4713 | D:5      | Killed Dowan
  5072 | D:5      | Found an ornate altar of the Wu Jian Council.
  5710 | D:6      | Found a sand-covered staircase.
  5764 | Ossuary  | Entered an ossuary
  6130 | D:6      | Reached skill level 10 in Spellcasting
  6130 | D:6      | Reached skill level 10 in Conjurations
  6130 | D:6      | Reached skill level 10 in Hexes
  6130 | D:6      | Reached skill level 10 in Summonings
  6130 | D:6      | Reached skill level 10 in Necromancy
  6130 | D:6      | Reached skill level 10 in Translocations
  6130 | D:6      | Reached skill level 10 in Fire Magic
  6130 | D:6      | Reached skill level 10 in Ice Magic
  6130 | D:6      | Reached skill level 10 in Air Magic
  6130 | D:6      | Reached skill level 10 in Earth Magic
  6130 | D:6      | Reached skill level 10 in Alchemy
  6475 | D:6      | Mangled by an ice beast

Illustrated notes

Levels and vault maps discovered:
D:1:      scummos_arrival_gate, layout_basic, minmay_octomino_j4
D:2:      layout_rooms, serial_shops, nicolae_shop_just_a_little_nook,
          grunt_ministairs_9
D:3:      layout_basic, nicolae_tso_carved_into_rock,
          mainiacjoe_overflow_boulevard, general_overflow_altar,
          shapermc_ecumenical_altar_acropolis, minmay_increasing_density,
          uniq_grinder
D:4:      layout_basic, minmay_cut_off, uniq_eustachio, uniq_natasha,
          uniq_edmund
D:5:      layout_basic, lemuel_coloured_pillars_altar, led_sif_book,
          uniq_duvessa
D:6:      minmay_angry_zag, layout_rooms, overflow_temple_1_default,
          enter_ossuary_3

Skill      XL: |  1  2  3  4  5  6  7  8  9 |
---------------+----------------------------+-----
Spellcasting   | 4 5 6 7 8 10 | 10.1
Conjurations   | 4 5 6 7 8 10 | 10.1
Hexes          | 4 5 6 7 8 10 | 10.1
Summonings     | 4 5 6 7 8 10 | 10.1
Necromancy     | 4 5 6 7 8 10 | 10.1
Translocations | 4 5 6 7 8 10 | 10.1
Fire Magic     | 4 5 6 7 8 10 | 10.1
Ice Magic      | 4 5 6 7 8 10 | 10.1
Air Magic      | 4 5 6 7 8 10 | 10.1
Earth Magic    | 4 5 6 7 8 10 | 10.1
Alchemy        | 4 5 6 7 8 10 | 10.1
Dodging        | |  2.5
Stealth        | |  1.9

Action                     |  1- 3 |  4- 6 |  7- 9 || total
---------------------------+-------+-------+-------++-------
  Melee: Staff             |       |       |     5 ||     5
   Cast: Sting             |    73 |    73 |   252 ||   398
         Mephitic Cloud    |     1 |     4 |    21 ||    26
         Ensorcelled Hiber |       |     1 |       ||     1
         Mercury Vapours   |       |     2 |     1 ||     3
         Summon Small Mamm |       |     1 |     2 ||     3
         Olgreb's Toxic Ra |       |     1 |     1 ||     2
         Flame Wave        |       |       |     9 ||     9
 Armour: Robe              |    19 |    51 |    64 ||   134
  Dodge: Dodged            |    19 |    52 |    54 ||   125

Table legend: (Time is in decaauts)
 A = Elapsed time spent in this place.
 B = Non-inter-level travel time spent in this place.
 C = Inter-level travel time spent in this place.
 D = Time resting spent in this place.
 E = Time spent auto-exploring this place.
 F = Levels seen in this place.
 G = Mean time per level.
                   A        B        C        D        E       F      G
               +--------+--------+--------+--------+--------+-----+--------+
         Total |   6481 |   6363 |    118 |      0 |   5070 |   7 |  925.9 |
       Dungeon |   6159 |   6041 |    118 |      0 |   4832 |   6 | 1026.5 |
       Ossuary |    321 |    321 |      0 |      0 |    238 |   1 |  321.0 |
               +--------+--------+--------+--------+--------+-----+--------+

Top non-repeatable levels by time:
     D:3: 1373 daAuts
     D:5: 1347 daAuts
     D:4: 1217 daAuts
     D:1: 950 daAuts
     D:2: 889 daAuts
     D:6: 380 daAuts
 Ossuary: 321 daAuts
